 Dungeon Crawl Stone Soup version 0.22-a0-443-g17c3723 (webtiles) character file.

42 KristoblXynda the Conjurer (level 3, -3/26 HPs)
             Began as a Draconian Conjurer on June 1, 2018.
             Killed from afar by a white imp (5 damage)
             ... with a puff of frost
             ... summoned by Natasha
             ... on level 2 of the Dungeon.
             The game lasted 00:02:38 (1310 turns).

KristoblXynda the Conjurer (Draconian Conjurer)     Turns: 1310, Time: 00:02:38

Health: -3/26      AC:  5    Str: 10    XL:     3   Next: 35%
Magic:  3/7        EV: 12    Int: 16    God:
Gold:   43         SH:  0    Dex: 11    Spells: 3/7 levels left

rFire    . . .     SeeInvis .   (no weapon)
rCold    . . .     Gourm    .   (no shield)
rNeg     . . .     Faith    .   (armour unavailable)
rPois    .         Spirit   .   (helmet restricted)
rElec    .         Reflect  .   (no cloak)
rCorr    .         Harm     .   (no gloves)
MR       .....                  (no boots)
Stlth    ++........             (no amulet)
HPRegen  0.08/turn              (no ring)
MPRegen  0.10/turn              (no ring)

@: slowed, very slow
A: unfitting armour, cold-blooded, AC +5
a: no special abilities


You were on level 2 of the Dungeon.
You were hungry.

You visited 1 branch of the dungeon, and saw 2 of its levels.

You collected 43 gold pieces.

Inventory:

Missiles
 e - a throwing net (quivered)
Jewellery
 d - an uncursed amulet of rage {unknown}
Scrolls
 a - 2 scrolls of identify {unknown}
 c - a scroll of immolation {unknown}
Comestibles
 b - 2 rations


   Skills:
 - Level 1.7 Dodging
 - Level 1.7 Stealth
 + Level 2.9 Spellcasting
 + Level 4.6 Conjurations


You had 3 spell levels left.
You knew the following spells:

 Your Spells              Type           Power        Failure   Level  Hunger
a - Magic Dart            Conj           ###.         2%          1    #......
b - Dazzling Spray        Conj/Hex       #.....       22%         3    ###....

Your spell library contained the following spells:

 Spells                   Type           Power        Failure   Level  Hunger
 Iskenderun's Mystic Bla  Conj           ###.....     28%         4    #####..
 Fulminant Prism          Conj/Hex       #.........   58%         4    #####..
 Force Lance              Conj/Tloc      #.......     58%         4    #####..
 Searing Ray              Conj           ###...       4%          2    ##.....


Dungeon Overview and Level Annotations

Branches:
Dungeon (2/15)

Altars:
The Shining One

Annotations:
D:2 Natasha


Innate Abilities, Weirdness & Mutations

Your plain brown scales are hard. (AC +5)
You cannot fit into any form of body armour.
You are cold-blooded and may be slowed by cold attacks.


Message History

The white imp lashes its tail.
The white imp gestures at you. The puff of frost hits you!
Natasha claws you but does no damage. Natasha claws you but does no damage.
The white imp hits you. The white imp freezes you. Natasha claws you.
* * * LOW HITPOINT WARNING * * *
The white imp gestures at you. The puff of frost hits you!
* * * LOW HITPOINT WARNING * * *
The white imp disappears in a puff of smoke!
Natasha claws you but does no damage. Natasha casts a spell at you.
You feel as though you will be slow longer.
Natasha casts a spell.
The white imp laughs crazily.
The white imp gestures at you. The puff of frost hits you!
You die...

#......#####............
#......#####............
########.......................
#..............................
#..................###.........
#.............#....# #[.......#
########..)...#....# #........#
##############....#####.<#.<..
.....>..§§5..@................
........§.h5..................
......#.§.####....######......
..........# #....# #......
..........######### #......
..................# #......
..................# .......
.......##.........# ......
....... #.........#


You could see Natasha, a white imp and a shadow imp.

Vanquished Creatures
  2 adders (D:2)
  An ooze (D:2)
  A dart slug (D:1)
  2 leopard geckos
  A giant cockroach (D:1)
  3 goblins
  A hobgoblin (D:1)
  A frilled lizard (D:2)
  3 kobolds (D:1)
  2 rats
17 creatures vanquished.

Notes
Turn   | Place    | Note
-------+----------+-------------------------------------------
     0 | D:1      | KristoblXynda the Draconian Conjurer began the quest for the Orb.
     0 | D:1      | Reached XP level 1. HP: 14/14 MP: 3/3
   531 | D:1      | Found a glowing golden altar of the Shining One.
   669 | D:1      | Reached XP level 2. HP: 20/20 MP: 0/5
   925 | D:2      | Noticed Natasha
   930 | D:2      | Noticed a crimson imp
   939 | D:2      | Noticed a crimson imp
  1105 | D:2      | Reached XP level 3. HP: 26/26 MP: 2/7
  1110 | D:2      | Learned a level 3 spell: Dazzling Spray
  1307 | D:2      | HP: 1/26 [white imp/puff of frost[Natasha] (3)]
  1310 | D:2      | Killed from afar by a white imp

Vault maps used:
D:1:      minmay_arrival_loop, tso_metal_star
D:2:      grunt_temple_overflow_cloverleaf, first_ration, uniq_terence,
          uniq_natasha

Action                   || total
-------------------------++-------
Melee: Unarmed           ||    24
       Tailslap          ||     2
 Cast: Magic Dart        ||    41
  Eat: Chunk             ||     1
Armor: Skin              ||     6
Dodge: Dodged            ||    26

Table legend:
 A = Spawn XP
 B = Non-spawn XP
 C = Spawn XP percentage of total XP
 D = Spawn monster count
 E = Non-spawn monster count
 F = Spawn count percentage of total count
 G = Total turns spent on level
                    A         B        C        D         E        F      G
               +---------+---------+-------+---------+---------+-------+---------
         Total |       0 |      61 |   0.0 |       0 |      17 |   0.0 |  1310
               +---------+---------+-------+---------+---------+-------+---------
           D:1 |       0 |      21 |   0.0 |       0 |      10 |   0.0 |  1028
           D:2 |       0 |      40 |   0.0 |       0 |       7 |   0.0 |   282
               +---------+---------+-------+---------+---------+-------+---------
